cohdb
Replays
Latest Replays
All Replays
Popular Replays
Top Player Replays
Match Explorer
How It Works
Community
CoH3 Stats
Reddit
Sign in to upload your games and track your stats! →
Sign in with Steam
Match 25908440
Unlisted
Match 25908440
Overview
Messages
Build Orders
End
Panzergrenadier Squad
Selects Italian Combined Arms Battlegroup
Selects Bersaglieri Squad
Bersaglieri Squad
250 Light Carrier
Bersaglieri Squad
Construct Light Support Kompanie
Selects Bersaglieri Bolster
Fire Support Elements
Panzerjäger Squad
Combat Half-tracks
Selects Breda Model 30 Light Machine Guns
Construct Panzerarmee Kommand
le.IG 18 Mechanized Group
Pak 38 Anti-tank Gun Team
2.5-tonne Medical Truck
Armored Reserves
Panzerpioneer Squad
Advanced Field Repairs
Tiger Heavy Tank
Kingcastle
Mavado
SneaKerz
gb_gbg
0
0
Comments
sign in to comment!
No comments posted yet!